Map: Bridgehead LE (Void)

Players

PinheadLarry (Astrea)

  • Race: Protoss Protoss
  • League: Diamond

qxc - Winner!

  • Race: Terran Terran
  • League: Master

Event: ASL Season 5 Prime League LOTV Beta

VOD

Have the link to the VOD?

Description

Time

  • Played on: Sept. 17, 2015, 8:48 p.m.
  • Length: 39:26

All games in this series

Show
View Real Time Build Order
Export as new Build Order

PinheadLarry Protoss 

Build Orders: 1 Gate Expand 

Get SALT Encoding   

  12  0:00  Probe (Chrono Boost)  
  13  0:10  Probe (Chrono Boost)  
  14  0:18  Pylon  
  14  0:21  Probe (Chrono Boost)  
  15  0:36  Probe (Chrono Boost)  
  15  0:39  Gateway  
  16  0:46  Probe (Chrono Boost)  
  16  0:47  Assimilator  
  17  0:55  Probe (Chrono Boost)  
  18  1:05  Probe (Chrono Boost)  
  19  1:23  Nexus  
  19  1:30  Cybernetics Core  
  19  1:32  Probe (Chrono Boost)  
  20  1:42  Probe (Chrono Boost)  
  20  1:45  Assimilator  
  21  1:53  Probe (Chrono Boost)  
  22  1:56  Pylon  
  22  2:03  Probe (Chrono Boost)  
  22  2:06  Warp Gate (Chrono Boost)  
  23  2:12  Adept (Chrono Boost)  
  23  2:14  Probe (Chrono Boost)  
  26  2:26  Mothership Core  
  28  2:34  Probe  
  29  2:44  Probe  
  29  2:47  Probe  
  31  2:54  Probe  
  32  2:59  Probe  
  32  3:03  Probe, Nexus  
  33  3:11  Probe  
  34  3:13  Probe  
  35  3:22  Adept (Chrono Boost)  
  35  3:23  Probe x2  
  39  3:31  Twilight Council  
  39  3:34  Probe (Chrono Boost)  
  39  3:35  Probe (Chrono Boost)  
  41  3:43  Pylon  
  41  3:45  Probe (Chrono Boost)  
  41  3:46  Probe (Chrono Boost)  
  43  3:55  Probe (Chrono Boost)  
  44  3:56  Probe (Chrono Boost)  
  45  4:04  Gateway  
  45  4:05  Probe (Chrono Boost)  
  45  4:06  Probe (Chrono Boost)  
  45  4:08  Gateway  
  45  4:09  Gateway, Blink (Chrono Boost)  
  47  4:15  Probe x2 (Chrono Boost)  
  49  4:20  Pylon  
  49  4:21  Probe (Chrono Boost)  
  49  4:24  Probe x2 (Chrono Boost)  
  50  4:31  Stalker  
  54  4:32  Probe  
  54  4:33  Probe x2  
  54  4:37  Pylon  
  57  4:43  Probe x2  
  57  4:44  Probe  
  60  4:49  Robotics Facility  
  60  4:52  Pylon  
  60  4:54  Stalker, Probe x2  
  60  4:56  Probe  
  65  5:06  Probe x2  
  56  5:07  Pylon  
  56  5:13  Probe  
  59  5:16  Probe  
  59  5:17  Probe  
  61  5:22  Assimilator  
  61  5:23  Stalker x2  
  61  5:24  Stalker x2  
  61  5:26  Probe x2  
  69  5:42  Probe  
  68  5:43  Probe, Observer (Chrono Boost)  
  68  5:44  Probe  
  64  5:54  Stalker  
  64  5:55  Stalker x3  
  64  5:56  Probe  
  72  5:58  Probe x2  
  72  6:02  Observer (Chrono Boost)  
  76  6:09  Probe  
  76  6:10  Probe  
  70  6:11  Probe  
  66  6:21  Stalker x4, Probe  
  66  6:24  Probe x2  
  77  6:31  Probe  
  77  6:39  Probe (Chrono Boost)  
  79  6:40  Probe (Chrono Boost)  
  79  6:45  Forge  
  79  6:46  Probe (Chrono Boost)  
  80  6:48  Pylon  
  80  6:49  Stalker x2  
  80  6:50  Probe (Chrono Boost)  
  85  6:57  Probe (Chrono Boost)  
  85  6:59  Probe (Chrono Boost)  
  84  7:09  Probe (Chrono Boost)  
  84  7:11  Probe (Chrono Boost)  
  86  7:19  Protoss Ground Weapons Level 1  
  86  7:20  Probe x2 (Chrono Boost)  
  86  7:22  Assimilator  
  88  7:24  Assimilator  
  88  7:25  Robotics Bay  
  88  7:29  Probe (Chrono Boost)  
  89  7:30  Probe (Chrono Boost)  
  89  7:35  Assimilator  
  89  7:36  Probe (Chrono Boost)  
  91  7:38  Warp Prism  
  91  7:40  Probe (Chrono Boost)  
  91  7:41  Probe (Chrono Boost)  
  91  7:43  Dark Shrine  
  93  7:56  Probe (Chrono Boost)  
  92  8:05  Stalker x4  
  100  8:10  Probe (Chrono Boost)  
  100  8:12  Probe (Chrono Boost)  
  102  8:15  Probe (Chrono Boost)  
  102  8:16  Disruptor (Chrono Boost)  
  106  8:20  Probe (Chrono Boost)  
  106  8:24  Probe (Chrono Boost)  
  106  8:25  Probe (Chrono Boost)  
  109  8:27  Photon Cannon  
  109  8:31  Pylon  
  109  8:32  Probe (Chrono Boost)  
  108  8:35  Probe (Chrono Boost)  
  108  8:37  Pylon  
  108  8:39  Pylon  
  103  8:49  Adept x3  
  103  8:51  Disruptor (Chrono Boost)  
  110  9:00  Adept  
  98  9:04  Protoss Ground Weapons Level 2 (Chrono Boost)  
  98  9:09  Gateway  
  98  9:10  Gateway, Adept x3  
  98  9:13  Gateway  
  98  9:15  Gateway  
  104  9:17  Pylon  
  104  9:19  Dark Templar  
  106  9:26  Nexus  
  106  9:27  Pylon  
  106  9:28  Dark Templar x2  
  110  9:32  Dark Templar  
  110  9:40  Disruptor  
  105  9:54  Adept x3  
  107  10:01  Probe x2  
  107  10:04  Pylon  
  107  10:06  Pylon  
  109  10:09  Dark Templar  
  109  10:11  Probe  
  109  10:13  Probe x2  
  114  10:15  Disruptor  
  115  10:23  Probe  
  115  10:26  Adept x3  
  121  10:49  Stalker  
  123  10:50  Stalker x3  
  123  10:56  Photon Cannon  
  129  11:00  Observer  
  126  11:06  Shield Upgrade (Chrono Boost)  
  126  11:07  Protoss Ground Weapons Level 3  
  126  11:13  Adept x5  
  126  11:14  Adept x3  
  142  11:21  Disruptor  
  145  11:49  Adept x2  
  145  11:56  Nexus  
  145  12:00  Adept x4  
  145  12:01  Adept  
  132  12:03  Pylon  
  132  12:06  Disruptor  
  131  12:12  Adept x3  
  133  12:23  Stalker x3  
  133  12:30  Adept x3  
  133  12:33  Adept x2  
  141  12:41  Disruptor  
  144  12:50  Adept x5  
  151  12:57  Nexus  
  151  12:58  Pylon  
  151  12:59  Photon Cannon  
  151  13:00  Adept x3  
  151  13:02  Pylon  
  151  13:12  Adept x5  
  159  13:17  Disruptor  
  153  13:30  Probe  
  153  13:31  Probe  
  153  13:35  Mothership Core  
  153  13:36  Stalker x3  
  153  13:37  Stalker x2  
  164  13:52  Dark Templar x3  
  164  13:53  Disruptor  
  173  14:04  Nexus  
  172  14:18  Pylon  
  172  14:20  Pylon  
  172  14:23  Pylon  
  169  14:34  Disruptor  
  169  14:35  Adept  
  169  14:36  Adept x6  
  186  14:45  Adept  
  188  14:58  Photon Cannon  
  188  15:00  Photon Cannon  
  188  15:03  Templar Archives  
  188  15:06  Probe x2, Assimilator x2  
  190  15:12  Adept x2  
  194  15:17  Photon Cannon  
  192  15:23  Assimilator  
  192  15:25  Assimilator  
  184  15:35  Adept x2  
  184  15:36  Adept x2  
  183  15:45  Psionic Storm  
  180  15:51  Disruptor  
  180  15:53  High Templar x3  
  180  15:54  High Templar x2  
  180  15:55  Robotics Facility  
  193  16:04  Adept x2  
  193  16:05  Dark Templar  
  189  16:14  Nexus  
  189  16:17  Pylon  
  187  16:20  Disruptor  
  190  16:42  Observer  
  191  16:48  Stalker  
  191  16:49  Stalker x3, Disruptor  
  200  17:02  Stargate  
  200  17:03  Stargate  
  198  17:10  Disruptor  
  197  17:30  Disruptor  
  169  17:59  Disruptor  
  169  18:01  Disruptor  
  162  18:05  Stalker x2  
  162  18:06  Stalker x3  
  162  18:10  Void Ray x2  
  178  18:18  Photon Cannon  
  177  18:20  Photon Cannon  
  177  18:35  Stalker x3  
  177  18:36  Stalker x5  
  175  19:01  Dark Templar x4  
  175  19:02  Dark Templar  
  163  19:21  Adept x3  
  161  19:26  Observer  
  160  19:34  Adept  
  158  19:39  Nexus  
  155  19:57  Pylon  
  147  20:19  Observer  
  133  20:30  Adept x2  
  137  20:39  Probe  
  138  20:44  Assimilator x2  
  136  20:51  Probe x3  
  136  20:53  Adept  
  136  20:54  Adept x2  
  141  21:02  Nexus  
  141  21:03  Probe x2  
  143  21:17  Pylon  
  139  21:19  Pylon  
  137  21:43  Stalker x3  
  135  22:20  Nexus  
  135  22:21  Warp Prism  
  128  22:41  Adept x5, High Templar  
  128  22:42  Adept x2  
  144  22:49  Photon Cannon  
  144  22:50  Photon Cannon  
  144  22:52  Pylon  
  142  23:08  Adept x6  
  154  23:17  Probe  
  155  23:33  Nexus  
  153  23:37  Protoss Ground Armor Level 1  
  151  23:43  Adept, High Templar  
  151  23:44  Adept x6  
  147  24:17  Pylon  
  147  24:22  Stalker x8  
  159  24:28  Pylon  
  159  24:31  Pylon  
  146  24:54  Stalker x6  
  146  24:55  Stalker x2  
  162  25:01  Probe  
  162  25:02  Probe  
  162  25:03  Probe x2  
  166  25:15  Probe  
  165  25:27  Dark Templar x3  
  169  25:28  Adept  
  169  25:29  Adept  
  169  25:33  Nexus  
  165  25:36  Adept x2  
  165  25:45  Adept  
  145  26:19  Pylon  
  145  26:25  Probe x3  
  148  26:35  Adept x5  
  148  26:36  Adept x3, Nexus  
  162  26:45  Protoss Ground Armor Level 2  
  143  27:04  Disruptor  
  130  27:11  Disruptor  
  130  27:22  Adept x5  
  140  27:34  High Templar x2  
  140  27:35  High Templar  
  146  27:40  Probe x2  
  146  27:42  Probe x2  
  148  27:44  Probe  
  132  27:54  Adept x5  
  132  27:55  Disruptor, Pylon  
  132  27:56  Pylon  
  128  28:02  Disruptor  
  132  28:16  Photon Cannon  
  132  28:18  Photon Cannon  
  132  28:20  Assimilator  
  132  28:23  Pylon  
  132  28:24  Assimilator  
  128  28:28  Adept x4  
  128  28:30  Pylon  
  136  28:35  Pylon  
  136  28:40  Adept x4  
  142  28:53  Adept  
  142  28:54  Adept x3  
  148  29:00  Disruptor  
  145  29:08  Disruptor  
  149  29:20  Adept x4  
  155  29:29  Disruptor  
  153  29:37  Photon Cannon  
  156  29:43  Disruptor  
  155  29:52  Adept x3  
  155  29:57  Photon Cannon  
  153  30:01  Observer  
  148  30:16  Nexus  
  142  30:34  Probe x2  
  138  30:36  Probe x3  
  138  30:38  Stalker  
  138  30:40  High Templar x2  
  149  30:47  High Templar x2  
  153  31:08  Stalker x3  
  154  31:19  Disruptor  
  154  31:22  High Templar x2  
  144  31:58  High Templar, Archon  
  146  32:06  Photon Cannon  
  146  32:09  Probe  
  146  32:10  Pylon  
  146  32:11  Probe  
  146  32:12  Assimilator  
  145  32:26  Stalker x4  
  153  32:37  Observer  
  148  32:59  Nexus  
  148  33:01  Pylon  
  148  33:02  Pylon  
  148  33:03  Observer  
  148  33:07  Observer  
  150  33:20  Observer  
  114  33:48  Stalker x3  
  114  33:57  Nexus  
  104  34:26  High Templar  
  102  34:34  High Templar  
  104  34:48  Probe  
  104  34:51  Probe  
  104  35:24  Dark Templar  
  104  35:25  Assimilator  
  104  35:28  High Templar  
  73  36:08  Stalker x2  
  75  36:22  Stalker  
  67  36:48  Stalker  
  53  37:08  Adept x2  
  45  37:45  Archon  
  38  38:32  High Templar  
  38  38:50  Adept  
Show
View Real Time Build Order
Export as new Build Order

qxc Terran - Winner!

Build Orders: Reaper Expand, MMM Bio 

Get SALT Encoding   

  12  0:01  SCV  
  13  0:13  SCV  
  14  0:18  Supply Depot  
  14  0:25  SCV  
  15  0:39  SCV  
  15  0:40  Barracks  
  16  0:44  Refinery  
  16  0:52  SCV  
  17  1:04  SCV  
  18  1:16  SCV  
  19  1:28  Orbital Command  
  19  1:29  Reaper  
  20  1:43  Command Center  
  20  1:53  Supply Depot  
  20  1:56  SCV  
  21  2:08  SCV  
  22  2:09  Barracks Reactor  
  22  2:20  SCV  
  23  2:26  Factory  
  23  2:32  SCV  
  23  2:34  Bunker  
  24  2:44  SCV  
  24  2:45  Marine x2  
  27  2:57  Orbital Command  
  26  2:59  SCV  
  26  3:03  Marine x2  
  29  3:09  Widow Mine  
  29  3:11  Starport  
  29  3:12  SCV  
  32  3:17  Refinery  
  31  3:21  Marine x2  
  31  3:23  SCV  
  31  3:24  SCV  
  35  3:35  SCV  
  35  3:36  SCV  
  37  3:45  Command Center  
  37  3:47  Medivac  
  37  3:48  SCV, Widow Mine  
  40  3:50  SCV  
  40  3:53  Widow Mine  
  45  4:00  SCV  
  46  4:08  Barracks Reactor  
  46  4:11  Supply Depot  
  46  4:12  Supply Depot x2  
  46  4:14  Barracks  
  46  4:20  Barracks  
  46  4:32  Medivac, Widow Mine x2  
  46  4:33  SCV x2  
  46  4:36  Engineering Bay  
  54  4:42  Refinery  
  54  4:45  SCV, Marine x2  
  56  4:47  SCV  
  58  4:57  SCV x2  
  60  5:02  SCV  
  60  5:03  Barracks Tech Lab  
  60  5:04  Marine x2  
  63  5:08  Medivac  
  63  5:09  SCV, Widow Mine x2  
  71  5:14  SCV  
  71  5:15  Barracks Tech Lab  
  71  5:18  Orbital Command  
  72  5:21  SCV  
  72  5:22  Refinery  
  72  5:23  Marine x2  
  72  5:24  Stimpack  
  72  5:25  Marine  
  72  5:26  SCV  
  76  5:33  SCV  
  76  5:35  Marauder  
  79  5:38  SCV, Widow Mine x2  
  84  5:45  SCV  
  85  5:55  Supply Depot x2  
  85  5:56  Supply Depot  
  85  5:57  Orbital Command  
  85  6:16  Marine x2  
  85  6:17  Terran Infantry Weapons Level 1, SCV x2, Marauder x2  
  85  6:18  Combat Shields, Barracks  
  99  6:19  Barracks  
  99  6:23  SCV  
  96  6:29  SCV x2  
  96  6:35  SCV  
  96  6:36  Marine  
  96  6:37  Marine  
  96  6:38  Marauder x2  
  91  6:41  SCV x2  
  91  6:47  SCV  
  91  6:50  Factory Reactor, Bunker, Medivac x2  
  91  6:53  SCV x2  
  98  7:00  Marauder  
  100  7:06  Barracks Tech Lab, Marine, Marauder  
  100  7:07  Barracks Reactor, Marine  
  104  7:10  SCV  
  104  7:12  SCV x2  
  104  7:15  Supply Depot  
  107  7:16  Supply Depot  
  107  7:18  Supply Depot x2  
  107  7:20  Supply Depot, Medivac x2  
  109  7:28  SCV  
  109  7:29  Bunker  
  109  7:30  Bunker  
  109  7:32  Sensor Tower  
  109  7:36  SCV x2, Concussive Shells, Widow Mine  
  109  7:37  Widow Mine, Marauder x2  
  117  7:38  Marauder, Marine x2  
  117  7:42  Armory, Engineering Bay  
  121  7:44  SCV  
  120  7:51  Medivac  
  120  7:57  SCV  
  120  7:58  Marauder  
  113  8:07  Marauder x2, Marine x4  
  113  8:08  SCV  
  120  8:18  SCV x2  
  122  8:21  Barracks  
  122  8:22  Barracks  
  122  8:24  Command Center  
  122  8:26  Marauder, Marine x4  
  127  8:28  Marauder  
  127  8:31  Terran Infantry Weapons Level 2  
  130  8:35  Terran Infantry Armor Level 1  
  130  8:36  Widow Mine x2  
  130  8:40  SCV  
  130  8:41  SCV x2  
  136  8:43  Marauder  
  136  8:48  Marauder  
  141  8:54  Medivac x2  
  144  9:01  Marauder, Marine x3  
  149  9:06  Supply Depot  
  149  9:07  Supply Depot  
  149  9:09  Supply Depot  
  149  9:10  Barracks Tech Lab  
  149  9:11  Barracks Tech Lab  
  149  9:16  Ghost Academy, Refinery  
  149  9:19  Refinery  
  149  9:25  Marine  
  149  9:27  Widow Mine, Marine x3  
  149  9:28  Widow Mine, Marauder x2  
  158  9:32  Missile Turret  
  158  9:34  Missile Turret  
  154  9:44  Marauder, Marine x3  
  150  10:00  Ghost x2  
  150  10:01  Marine x2  
  150  10:02  Ghost  
  156  10:11  Viking x2  
  160  10:19  Missile Turret  
  160  10:20  Marine x2  
  160  10:21  Marine x2  
  164  10:24  SCV x2  
  164  10:27  SCV  
  167  10:31  Planetary Fortress, Marine x2  
  169  10:44  Missile Turret  
  169  10:46  SCV  
  170  10:50  Missile Turret  
  170  10:52  SCV, Sensor Tower  
  170  10:54  Missile Turret  
  170  10:56  SCV  
  168  11:05  Marauder, Marine x3  
  168  11:06  SCV  
  174  11:14  Widow Mine  
  174  11:15  Widow Mine  
  174  11:17  SCV, Medivac x2  
  183  11:19  Marine  
  183  11:21  SCV  
  183  11:24  SCV  
  186  11:27  SCV  
  186  11:30  SCV  
  186  11:32  Terran Infantry Weapons Level 3  
  186  11:35  Marine  
  186  11:36  SCV  
  188  11:47  Marine x2  
  188  11:50  Marauder  
  188  11:57  Marine x3  
  188  11:58  SCV, Marine, Marauder  
  188  11:59  Marauder  
  188  12:00  SCV  
  182  12:05  Marine x2, Widow Mine x2  
  182  12:06  Medivac  
  188  12:11  SCV  
  188  12:14  Marauder  
  188  12:15  Marine x3  
  178  12:16  Marine  
  178  12:19  Marauder  
  178  12:20  Marine  
  178  12:21  Medivac  
  187  12:23  Marine  
  187  12:29  SCV  
  183  12:35  Marauder, Starport, Marine x2  
  187  12:42  Widow Mine x2  
  182  12:46  Marine  
  182  12:47  SCV, Marauder, Marine x2  
  188  13:01  Ghost  
  188  13:03  Marine  
  188  13:04  Ghost, Marine  
  177  13:11  Marauder, Widow Mine x2, Marine x3  
  174  13:19  Ghost  
  173  13:25  Terran Infantry Armor Level 2, Starport Tech Lab  
  173  13:28  Ghost  
  173  13:29  Ghost  
  177  13:39  Personal Cloaking  
  177  13:40  Terran Ship Weapons Level 1, Liberator  
  177  13:44  Liberator  
  163  13:51  Ghost x3  
  163  13:52  Marine x3  
  163  13:53  Widow Mine  
  174  14:02  Marine x2  
  178  14:12  Liberator  
  178  14:26  Widow Mine x2  
  178  14:29  Command Center  
  185  14:37  Ghost, Marine  
  188  14:38  Liberator  
  188  14:42  Liberator  
  188  14:43  Ghost x2, Marine  
  185  14:51  Ghost, Marine x2  
  185  14:52  Marine  
  179  14:55  Marine  
  186  15:02  Unknown  
  186  15:21  Refinery  
  186  15:22  Liberator, Refinery, Widow Mine  
  188  15:32  Marine  
  188  15:33  Marine  
  188  15:34  Ghost, Widow Mine  
  188  15:35  Liberator  
  187  15:39  Ghost  
  186  15:47  Ghost  
  186  15:48  Marine x3  
  177  15:50  Widow Mine  
  178  15:58  Liberator  
  178  16:02  Widow Mine  
  180  16:05  Liberator  
  179  16:22  Marine, Marauder x2  
  179  16:23  Marauder x3, Marine x3  
  196  16:31  Planetary Fortress  
  196  16:40  Marine x2  
  196  16:41  Marine  
  199  16:47  Marine  
  199  16:51  Missile Turret  
  200  16:55  Marauder  
  200  17:00  Marine x2  
  200  17:01  Marauder  
  200  17:06  Terran Ship Weapons Level 2, Terran Infantry Armor Level 3  
  200  17:12  Barracks  
  200  17:14  Command Center  
  200  17:15  Barracks  
  195  17:23  Marauder x2, Marine  
  200  17:35  Marauder, Marine x2  
  200  17:36  Marauder  
  191  17:57  Marine x2  
  186  17:59  Marauder  
  186  18:05  Marine  
  188  18:29  Command Center  
  188  18:30  Command Center  
  188  18:43  Marine  
  188  18:44  Liberator  
  188  18:45  Marine, Liberator x2  
  188  18:50  Marine x2  
  187  18:56  Marauder x5  
  172  19:09  Marine x2  
  153  19:18  Widow Mine x2, Marauder x4  
  163  19:27  Liberator  
  162  19:42  Marauder x2, Marine x2  
  171  19:46  Marauder  
  171  19:49  Marine  
  165  19:53  Marine x2  
  165  19:56  Marine  
  165  20:03  Widow Mine  
  164  20:08  Marine x2  
  162  20:17  Marine x2  
  148  20:21  Marine  
  148  20:25  Marine  
  150  20:29  Marine  
  151  20:35  Marine  
  151  20:38  Widow Mine  
  154  20:44  Marine  
  155  21:03  Marauder, Marine x3  
  155  21:05  Marine  
  155  21:08  Marine, Liberator  
  155  21:16  Missile Turret  
  156  21:36  Planetary Fortress  
  156  21:37  Liberator  
  154  21:42  Widow Mine x2  
  154  22:01  Marine  
  156  22:09  Marine x2  
  156  22:10  Widow Mine  
  160  22:17  Marine x2  
  162  22:27  Marauder, Marine  
  162  22:28  Missile Turret  
  165  22:40  Marauder, Marine x3  
  170  22:46  Widow Mine x2  
  174  22:53  Reaper x3  
  177  23:04  Reaper x4  
  180  23:08  Reaper  
  179  23:15  Widow Mine x2  
  181  23:25  Reaper x2, Marauder  
  179  23:35  Marine x2  
  179  23:36  Marauder, Marine  
  182  23:43  Widow Mine  
  182  23:44  Marauder  
  184  23:49  Marauder  
  179  24:04  Marauder, Marine x3  
  184  24:16  Marauder, Marine x2  
  180  24:18  Medivac  
  180  24:20  Marine  
  182  24:29  Planetary Fortress  
  182  24:31  Marine  
  176  24:36  Widow Mine  
  179  24:44  Reaper  
  180  24:51  Marauder  
  152  24:53  Missile Turret  
  148  25:02  Marauder, Marine  
  150  25:16  Marauder, Marine x2  
  148  25:25  Marauder, Marine x3  
  148  25:27  Marine x3  
  152  25:31  Marine  
  152  25:34  Marine  
  152  25:35  Marine  
  147  25:37  Marine  
  137  25:43  Marine x3  
  137  25:51  Marauder x2  
  137  25:53  Widow Mine  
  137  25:55  Marine  
  138  26:03  Reaper  
  138  26:04  Reaper x2  
  119  26:13  Marine x2  
  119  26:14  Marauder, Marine  
  119  26:15  Marauder, Marine x2  
  127  26:31  Marine x3  
  127  26:33  Marine x2  
  127  26:35  Marauder  
  127  26:36  Marauder  
  133  26:43  Marine x2  
  135  26:49  Marine x3  
  136  26:54  Marine  
  136  26:57  Marauder  
  136  26:58  Marauder, Liberator  
  124  27:08  Marine x2  
  109  27:10  Widow Mine, Marine x5  
  109  27:11  Widow Mine  
  109  27:12  Marine  
  121  27:16  Liberator x2  
  121  27:18  Marauder  
  121  27:19  Marauder  
  125  27:26  Marine  
  125  27:29  Marine x2  
  128  27:35  Marine x2  
  136  27:38  Marine x2  
  136  27:39  Marauder  
  136  27:41  Marauder  
  142  27:44  Marine x2, Liberator  
  142  27:45  Widow Mine x2  
  142  27:47  Marine  
  144  27:56  Marine  
  144  27:57  Marine  
  144  27:59  Liberator, Marine x3  
  144  28:01  Marauder  
  144  28:02  Marine, Marauder  
  153  28:11  Marine  
  153  28:12  Marine  
  153  28:14  Marine  
  157  28:20  Refinery x2  
  157  28:22  Marauder  
  157  28:23  Ghost  
  160  28:38  Barracks Tech Lab x2, Marine x2  
  160  28:39  Marine  
  163  28:42  Widow Mine x2  
  163  28:43  Marauder  
  168  28:51  Ghost  
  168  28:53  Marine x3  
  169  29:03  Ghost, Marine  
  169  29:04  Ghost, Marine  
  173  29:14  Marauder, Marine x2  
  173  29:16  Marine x2  
  167  29:20  Ghost  
  162  29:32  Marauder  
  162  29:36  Marauder x2, Marine x2  
  170  29:45  Widow Mine x2  
  171  29:51  Marine x2  
  171  29:52  Marine, Marauder  
  168  30:01  Marine  
  168  30:02  Marauder x2, Marine  
  174  30:09  Marauder, Marine x3  
  174  30:11  Refinery  
  174  30:12  Refinery  
  177  30:23  Widow Mine  
  177  30:24  Widow Mine  
  177  30:25  Marauder x2, Marine x4  
  177  30:26  Marine  
  184  30:33  Marine x2  
  184  30:34  Marauder  
  183  30:43  Marine  
  183  30:44  Marauder  
  183  30:49  Marine  
  190  30:50  Marauder x2  
  189  31:01  Marauder, Marine x2  
  193  31:18  Marine x2  
  193  31:19  Marauder x2  
  193  31:23  Marine  
  200  31:30  Nuke  
  185  31:55  Ghost x2, Marine  
  185  31:56  Marine  
  190  32:01  Marine  
  190  32:05  Liberator  
  190  32:06  Liberator  
  191  32:11  Marine x2  
  191  32:22  Liberator  
  196  32:40  Reaper x2  
  181  32:51  Ghost  
  183  33:00  Marauder, Marine  
  186  33:10  Marine  
  186  33:11  Marauder  
  189  33:33  Marauder  
  189  33:34  Marauder  
  176  33:42  Ghost  
  176  33:47  Ghost  
  152  34:15  Widow Mine  
  152  34:16  Widow Mine  
  152  34:21  Ghost  
  154  34:29  Marine x2  
  156  34:59  Orbital Command  
  156  35:02  Ghost, Marine x2  
  156  35:06  Marine  
  149  35:26  Marauder  
  139  35:50  Marauder, Marine x2  
  139  35:57  Marine  
  124  36:13  Marine  
  125  36:24  Marine  
  120  36:28  Marine  
  119  36:37  Marine  
  119  36:38  Marauder  
  120  36:41  Marauder, Marine x3  
  125  36:48  Marine  
  125  36:49  Marauder, Marine x2  
  130  36:55  Marine  
  130  36:59  Marauder, Marine x2  
  134  37:03  Marauder  
  136  37:10  Marauder  
  138  37:16  Marine x2  
  138  37:19  Marine  
  138  37:20  Ghost  
  137  37:23  Ghost  
  137  37:31  Marine x2  
  137  37:32  Marauder, Marine  
  135  37:46  Marine  
  135  37:49  Marauder  
  131  37:53  Marauder  
  131  37:57  Missile Turret  
  126  37:59  Reaper  
  126  38:00  Reaper  
  126  38:04  Reaper  
  129  38:07  Reaper x2  
  129  38:09  Reaper  
  128  38:47  Reaper x2  
  128  38:48  Reaper x7  
  132  38:52  Starport Tech Lab  
  134  38:59  Starport Tech Lab  
Tags
 
Add a new tag
Caveats
  • Supply blocks, unpowered buildings, or Contaminate may cause inaccurate times.
  • Supply counts are checked every 10 seconds.